 Dungeon Crawl Stone Soup version 0.31-a0-229-g1fc7ce93e2 (webtiles) character file.

Game seed: 15606701932322243193

248 qw the Shooter (level 6, -5/38 HPs)
             Began as a Gargoyle Hexslinger on July 6, 2023.
             Was an Initiate of Okawaru.
             Slain by Sigmund
             ... wielding a +0 scythe
              (10 damage)
             ... on level 5 of the Dungeon.
             The game lasted 00:01:12 (3039 turns).

qw the Shooter (Gargoyle Hexslinger)                Turns: 3039, Time: 00:01:12

Health: -5/38      AC:  9    Str: 11    XL:     6   Next: 12%
Magic:  7/7        EV: 10    Int: 14    God:    Okawaru [......]
Gold:   183        SH:  0    Dex: 14    Spells: 6/7 levels left

rFire   . . .        Y - +2 sling
rCold   . . .        (no shield)
rNeg    + . .        o - +0 ring mail
rPois   inf          (no helmet)
rElec   +            (no cloak)
rCorr   .            (no gloves)
SInv    .            (no boots)
Will    .....        (no amulet)
Stlth   +            (no ring)
HPRegen 0.26/turn    (no ring)
MPRegen 0.10/turn

%: no passive effects
@: about to teleport
A: sickness immunity, AC +4, negative energy resistance 1, electricity
resistance, torment resistance 1, petrification resistance
a: Renounce Religion


You were on level 5 of the Dungeon.
You worshipped Okawaru.
Okawaru was noncommittal.
You visited 2 branches of the dungeon, and saw 6 of its levels.

You collected 183 gold pieces.


Innate Abilities, Weirdness & Mutations

You are immune to sickness and miasma.
Your stone body is resilient. (AC +4)
You are immune to poison.
You resist negative energy. (rN+)
You are resistant to electric shocks. (rElec)
You are resistant to unholy torment.
You are immune to petrification.


   Skills:
 - Level 3.7 Fighting
 + Level 5.0 Ranged Weapons
 - Level 1.0 Armour
 - Level 1.5 Dodging
 - Level 1.0 Spellcasting
 - Level 2.6 Hexes


You had 6 spell levels left.
You knew the following spells:

 Your Spells              Type           Power      Damage    Failure   Level
a - Slow                  Hex            32%        N/A       21%         1

Your spell library contained the following spells:

 Spells                   Type           Power      Damage    Failure   Level
 Inner Flame              Hex/Fire       4%         N/A       71%         3
 Portal Projectile        Hex/Tloc       8%         N/A       71%         3
 Cause Fear               Hex            4%         N/A       90%         4

Inventory:

Hand Weapons
 Y - a +2 sling (weapon)
Armour
 o - a +0 ring mail (worn)
Scrolls
 b - a scroll of identify
Potions
 i - a potion of heal wounds
 l - 3 potions of enlightenment
 m - 2 potions of curing
 p - a potion of resistance

Dungeon Overview and Level Annotations

Branches:
Dungeon (5/15)             Temple (1/1) D:4

Altars:
Ashenzari
Cheibriados
Dithmenos
Fedhas
Hepliaklqana
Makhleb
Nemelex Xobeh
Okawaru
Qazlal
Ru
Sif Muna
Trog
Vehumet
Wu Jian
Xom

Shops:
D:1 [

Annotations:
D:4 2 runed translucent doors, qw's ghost, amateur MiHs
D:5 Sigmund


Message History

The hound is heavily wounded.
The hound closely misses you.
Sigmund gestures wildly while chanting.
Sigmund flickers and vanishes!
Deactivating autopickup; reactivate with Ctrl-A.
You shoot a sling bullet.
The sling bullet barely misses the hound.
The hound bites you but does no damage. x2
Something hits you but does no damage.
You shoot a sling bullet. The sling bullet misses the hound.
The hound misses you. x2; Something hits you.
You shoot a sling bullet.
The sling bullet closely misses the hound.
The hound bites you. x2; Something hits you but does no damage.
You shoot a sling bullet. The sling bullet hits the hound.
The hound is severely wounded.
The hound closely misses you. The hound bites you but does no damage.
You hear some strange, mumbled words.
You are confused.
3034 ||| DRINKING 3 potions of curing.
You feel better.
3034 ||| (to cure confusion)
The hound bites you. The hound closely misses you. Something hits you!
You shoot a sling bullet. The sling bullet misses the hound.
The hound bites you but does no damage.
You shoot a sling bullet. The sling bullet misses the hound.
The hound closely misses you. Something hits you but does no damage.
The hound bites you.
You shoot a sling bullet. The sling bullet hits the hound.
The hound is almost dead.
The hound bites you but does no damage. The hound barely misses you.
Something hits you but does no damage.
You shoot a sling bullet.
The sling bullet closely misses the hound.
The hound bites you but does no damage. The hound barely misses you.
Something hits you!
3039 ||| READING scroll of teleportation.
As you read the scroll of teleportation, it crumbles to dust.
You feel strangely unstable.
The hound bites you but does no damage. x2; Something hits you!
You die...

##########
<.<......###
.#######...##
###..#########
######..........
..........#####
#########..######..#
##..@h.....#
####......# {.###.#
..# ..# ... ###. .


You could see a hound.

Vanquished Creatures
  A bullfrog (D:4)
  A scorpion (D:4)
  Jessica (D:2)
  3 adders
  3 worms
  A dart slug (D:1)
  An orc (D:3)
  9 ball pythons
  7 endoplasms
  2 giant cockroaches
  4 hobgoblins
  3 kobolds
  6 quokkas
  6 bats
  4 frilled lizards
  4 goblins
  4 rats
60 creatures vanquished.

Notes
Turn   | Place    | Note
-------+----------+-------------------------------------------
     0 | D:1      | qw the Gargoyle Hexslinger began the quest for the Orb.
     0 | D:1      | Reached XP level 1. HP: 12/12 MP: 2/2
     0 | D:1      | 0 ||| qw: Version: 0.3-a-46-gb1f654a
     0 | D:1      | 0 ||| qw: Game counter: 1214
     0 | D:1      | 0 ||| qw: Melee chars always use a shield: true
     0 | D:1      | 0 ||| qw: God list: Okawaru
     0 | D:1      | 0 ||| qw: Allow faded altars: false
     0 | D:1      | 0 ||| qw: Do Orc after clearing Dungeon:15 true
     0 | D:1      | 0 ||| qw: Do second Lair branch before Depths: true
     0 | D:1      | 0 ||| qw: Lair rune preference: random
     0 | D:1      | 0 ||| qw: Goals: Normal
     0 | D:1      | 0 ||| PLANNING D:1-11
    86 | D:1      | Found Paluusk's Armour Shop.
    94 | D:1      | 94 ||| SHOPLISTING +0 leather armour (28 gold, have 12).
    94 | D:1      | 94 ||| SHOPLISTING +0 ring mail (56 gold, have 12).
    94 | D:1      | 94 ||| SHOPLISTING +1 leather armour of poison resistance
                  | (154 gold, have 12).
    98 | D:1      | Reached XP level 2. HP: 16/16 MP: 3/3
   138 | D:1      | Reached skill level 3 in Ranged Weapons
   248 | D:1      | Found a faded altar of an unknown god.
   462 | D:1      | Reached XP level 3. HP: 21/21 MP: 4/4
   639 | D:1      | 639 ||| UPGRADING to +0 ring mail.
   649 | D:1      | 649 ||| DROPPING +0 robe.
   650 | D:1      | 650 ||| READING scroll labelled TAN LEILUNK.
   651 | D:1      | 651 ||| READING scroll labelled FORIC SULO.
   655 | D:1      | 655 ||| READING scroll labelled UGADUPROME.
   656 | D:1      | 656 ||| READING scroll labelled UDASIXKAWN.
   657 | D:1      | 657 ||| READING scroll labelled MATYQ UH LOSA.
   658 | D:1      | 658 ||| READING scroll labelled OCRUHUMEW.
   674 | D:1      | 674 ||| READING scroll labelled GASIEH FARA.
   675 | D:1      | 675 ||| DROPPING scroll of poison.
   807 | D:2      | Noticed Jessica
   821 | D:2      | Killed Jessica
   920 | D:2      | Reached XP level 4. HP: 26/26 MP: 5/5
  1142 | D:2      | Reached skill level 4 in Ranged Weapons
  1634 | D:2      | 1634 ||| READING scroll labelled UZXAZIG OROJ.
  1635 | D:2      | 1635 ||| DRINKING 4 blue potions.
  1699 | D:3      | Found a snail-covered altar of Cheibriados.
  1730 | D:3      | 1730 ||| DRINKING 2 fuming amethyst potions.
  1752 | D:3      | Reached skill level 1 in Armour
  2102 | D:3      | 2102 ||| READING scroll labelled YTATE ITYMUENT.
  2203 | D:3      | 2203 ||| DRINKING 2 fizzy black potions.
  2204 | D:3      | 2204 ||| READING 2 scrolls of identify.
  2204 | D:3      | 2204 ||| IDENTIFYING amethyst potion
  2205 | D:3      | 2205 ||| DROPPING potion of lignification.
  2242 | D:4      | Noticed a bullfrog
  2253 | D:4      | Killed a bullfrog
  2254 | D:4      | Reached skill level 5 in Ranged Weapons
  2254 | D:4      | Reached XP level 5. HP: 22/30 MP: 6/6
  2434 | D:4      | Found a staircase to the Ecumenical Temple.
  2435 | D:4      | 2435 ||| PLANNING TEMPLE
  2435 | D:4      | 2435 ||| DRINKING 2 fuming dark potions.
  2440 | D:4      | 2440 ||| STAIRDANCE
  2542 | D:3      | 2542 ||| DROPPING potion of berserk rage.
  2557 | Temple   | Entered the Ecumenical Temple
  2614 | Temple   | 2614 ||| PLANNING OKAWARU WORSHIP
  2636 | Temple   | Became a worshipper of Warmaster Okawaru
  2637 | Temple   | 2637 ||| PLANNING D:1-11
  2736 | D:4      | Found a large runed translucent door.
  2744 | D:4      | Reached skill level 3 in Fighting
  2744 | D:4      | Reached XP level 6. HP: 24/38 MP: 7/7
  2796 | D:4      | Found a large runed translucent door.
  2798 | D:4      | Noticed qw's ghost (amateur MiHs)
  2992 | D:4      | 2992 ||| READING 2 scrolls labelled COASMOJ ESAA.
  2993 | D:4      | 2993 ||| READING 2 scrolls of identify.
  2993 | D:4      | 2993 ||| IDENTIFYING fizzy silvery potion
  2994 | D:4      | 2994 ||| DROPPING scroll of revelation.
  3000 | D:5      | Entered Level 5 of the Dungeon
  3020 | D:5      | Noticed Sigmund
  3034 | D:5      | 3034 ||| DRINKING 3 potions of curing.
  3034 | D:5      | 3034 ||| (to cure confusion)
  3038 | D:5      | HP: 5/38 [something (9)]
  3039 | D:5      | 3039 ||| READING scroll of teleportation.
  3039 | D:5      | Slain by Sigmund

Levels and vault maps discovered:
D:1:      dpeg_arrival_court, layout_rooms, serial_shops, shop,
          hellmonk_ecumenical_altar_leap_of_faith, kennysheep_decorative_pillar,
          minmay_quantized
D:2:      layout_loops_corners, minmay_stone_trees_small,
          kennysheep_small_spiral, uniq_jessica
D:3:      layout_rooms, mainiacjoe_overflow_cross_hatched
D:4:      layout_rooms, minmay_temple_entry_wispy, ebering_ghost_disaster_area,
          kennysheep_small_circle
D:5:      layout_rooms, nicolae_overflow_crystal_walls, serial_shops, shop,
          uniq_sigmund
Temple:   nicolae_temple_great_sept

Skill      XL: |  1  2  3  4  5 |
---------------+----------------+-----
Ranged Weapons | 3 5 |  5.0
Fighting       | 2 3 |  3.7
Armour         | 1 |  1.0
Dodging        | |  1.5
Spellcasting   | |  1.0
Hexes          | |  2.6

Action                     |  1- 3 |  4- 6 || total
---------------------------+-------+-------++-------
   Fire: Sling             |    92 |   170 ||   262
    Use: Scroll            |     7 |     6 ||    13
         Potion            |       |     5 ||     5
 Armour: Robe              |     9 |       ||     9
         Ring mail         |    16 |    57 ||    73
  Dodge: Dodged            |    20 |    61 ||    81

Table legend:
 A = Non-vault XP
 B = Vault XP
 C = Vault XP percentage of total XP
 D = Non-vault monster count
 E = Vault monster count
 F = Vault count percentage of total count
                 A         B        C        D         E       F
            +---------+---------+-------+---------+---------+-------
      Total |     308 |      47 |  13.2 |      53 |       7 |  11.7
            +---------+---------+-------+---------+---------+-------
        D:1 |      31 |       6 |  16.2 |      19 |       4 |  17.4
        D:2 |      33 |      37 |  52.9 |      12 |       1 |   7.7
        D:3 |      19 |       0 |   0.0 |       8 |       0 |   0.0
        D:4 |     225 |       4 |   1.7 |      14 |       2 |  12.5
            +---------+---------+-------+---------+---------+-------
